 Dungeon Crawl Stone Soup version 0.29-a0-870-g2c972031a6 (webtiles) character file.

Game seed: 11599545831320999284

80 scionoferis the Chiller (level 4, -2/30 HPs)
             Began as a Demonspawn Ice Elementalist on July 17, 2022.
             Slain by a gnoll
             ... wielding a +0 halberd
              (6 damage)
             ... on level 3 of the Dungeon.
             The game lasted 00:07:03 (2377 turns).

scionoferis the Chiller (DsIE)                      Turns: 2377, Time: 00:07:05

Health: -2/30      AC:  4    Str:  8    XL:     4   Next: 18%
Magic:  2/8        EV: 12    Int: 19    God:
Gold:   113        SH:  0    Dex: 13    Spells: 1/8 levels left

rFire   . . .      SeeInvis .   s - +1 hand axe (elec)
rCold   . . .      Faith    .   (no shield)
rNeg    . . .      Spirit   .   a - +0 robe
rPois   .          Reflect  .   (no helmet)
rElec   .          Harm     .   (no cloak)
rCorr   .          Rampage  .   (no gloves)
Will    .....                   d - +1 pair of boots
Stlth   ++........              (no amulet)
HPRegen 0.10/turn               (no ring)
MPRegen 0.11/turn               (no ring)

@: very slightly contaminated
A: demonic guardian 1, powered by death 1
a: no special abilities


You were on level 3 of the Dungeon.
You visited 1 branch of the dungeon, and saw 3 of its levels.

You collected 113 gold pieces.

Inventory:

Hand Weapons
 f - a +0 dagger
 s - a +1 hand axe of electrocution (weapon)
Missiles
 i - 2 poisoned darts
Armour
 a - a +0 robe (worn)
 d - a +1 pair of boots (worn)
 j - a +0 buckler
Scrolls
 g - 2 scrolls of identify {unknown}
 h - a scroll of enchant weapon {unknown}
 k - a scroll of magic mapping {unknown}
 l - a scroll of fog {unknown}
 m - a scroll of summoning {unknown}
 n - a scroll of immolation {unknown}
 o - a scroll of vulnerability {unknown}
 q - a scroll of amnesia {unknown}
Potions
 b - a potion of magic
 c - 3 potions of curing
 e - a potion of ambrosia {unknown}
 p - a potion of mutation {unknown}
 r - a potion of lignification {unknown}
 t - a potion of haste {unknown}


   Skills:
 - Level 1.7 Dodging
 - Level 1.7 Stealth
 + Level 2.8 Spellcasting
 * Level 4.8 Ice Magic


You had one spell level left.
You knew the following spells:

 Your Spells              Type           Power      Damage    Failure   Level
a - Freeze                Ice            80%        1d9       2%          1
b - Frozen Ramparts       Ice            40%        1d6       6%          3
c - Ozocubu's Armour      Ice            20%        N/A       6%          3

Your spell library contained the following spells:

 Spells                   Type           Power      Damage    Failure   Level
 Hailstorm                Conj/Ice       11%        3d5       50%         4


Dungeon Overview and Level Annotations

Branches:
Dungeon (3/15)

Altars:

Shops:
D:1 [   D:2 =


Innate Abilities, Weirdness & Mutations

A weak demonic guardian rushes to your aid.
You regenerate a little health from kills.


Message History

You miscast Frozen Ramparts.
You are very lightly contaminated with residual magic.
Nothing appears to happen.
The gnoll throws a stone.
The stone hits you.
The gnoll throws a stone.
The stone hits you.
Your magical contamination has completely faded away.
The gnoll throws a stone.
The stone barely misses you.
The gnoll drinks a potion.
The gnoll flickers and vanishes!
Deactivating autopickup; reactivate with Ctrl-A.
Casting: Frozen Ramparts (dangerous; 6% risk of failure)
Confirm with . or Enter, or press ? or * to list all spells.
Casting: Frozen Ramparts (dangerous; 6% risk of failure)
Press: ? - help, Dir - look around, f - activate The walls around you are covered in ice.
The gnoll throws a stone.
The stone closely misses you.
The gnoll throws a stone.
The stone hits you.
The wall freezes the gnoll.
Casting: Frozen Ramparts (dangerous; 6% risk of failure)
Confirm with . or Enter, or press ? or * to list all spells.
You miscast Ozocubu's Armour.
You are very lightly contaminated with residual magic.
Nothing appears to happen.
The frozen ramparts melt away.
You barely miss the gnoll.
The gnoll is lightly wounded.
The gnoll closely misses you. Something hits you.
You hit the gnoll.
The gnoll is moderately wounded.
The gnoll closely misses you. Something hits you.
You hit the gnoll.
The gnoll is heavily wounded.
The gnoll barely misses you. Something hits you.
* * * LOW HITPOINT WARNING * * *
You hit the gnoll.
The gnoll is severely wounded.
The gnoll hits you with a +1 spectral quarterstaff.
* * * LOW HITPOINT WARNING * * *
Something hits you.
* * * LOW HITPOINT WARNING * * *
A demonic guardian appears!
Something hits you.
You die...

##.# #..# #.## #.#
#.# ## #.# .. #{# #.
#g# #.####. #@######
... ......####.5....#
#...## #...##...###.#
##...# #.#......# #.#
.....# #>..##...###.#
#....# ##.####......#
#...# #.####.##.###
....#######....#.##.#
.<.............#.##.#


You could see a gnoll (ally target) and a friendly white imp (summoned).

Vanquished Creatures
  An orc priest (D:3)
  An adder (D:2)
  A worm (D:2)
  A dart slug (D:1)
  3 orcs (D:3)
  3 bats
  An endoplasm (D:3)
  A giant cockroach (D:2)
  A goblin (D:2)
  3 hobgoblins
  3 jackals (D:1)
  3 quokkas
  3 ball pythons
  3 frilled lizards
  3 kobolds
  3 rats
34 creatures vanquished.

Notes
Turn   | Place    | Note
-------+----------+-------------------------------------------
     0 | D:1      | scionoferis the Demonspawn Ice Elementalist began the quest
                  | for the Orb.
     0 | D:1      | Reached XP level 1. HP: 13/13 MP: 3/3
    43 | D:1      | Found a faded altar of an unknown god.
   306 | D:1      | Found Itostreede's Antique Armour Emporium.
   517 | D:1      | Gained mutation: You regenerate a little health from kills.
                  | [demonic ancestry]
   517 | D:1      | Reached XP level 2. HP: 18/19 MP: 1/5
   608 | D:1      | Reached skill level 4 in Ice Magic
  1031 | D:2      | Found Sosus's Jewellery Boutique.
  1331 | D:2      | Gained mutation: A weak demonic guardian rushes to your
                  | aid. [demonic ancestry]
  1331 | D:2      | Reached XP level 3. HP: 18/24 MP: 3/6
  1573 | D:2      | Learned a level 3 spell: Frozen Ramparts
  2076 | D:3      | Reached XP level 4. HP: 19/30 MP: 3/8
  2080 | D:3      | Learned a level 3 spell: Ozocubu's Armour
  2344 | D:3      | Identified the +0 robe of Cowardice {Str+4}
  2377 | D:3      | Slain by a gnoll

Illustrated notes

Levels and vault maps discovered:
D:1:      eino_arrival_water_cross, layout_basic, serial_shops, shop,
          ebering_ecumenical_altar_abandoned
D:2:      layout_loops_ring, serial_shops, nicolae_shop_stone
D:3:      layout_loops_ring, amcnicky_mini_pool_small

Skill      XL: |  1  2 |
---------------+-------+-----
Ice Magic      | 4 |  4.8
Dodging        | |  1.7
Stealth        | |  1.7
Spellcasting   | |  2.8

Action                   |  1- 3 |  4- 6 || total
-------------------------+-------+-------++-------
Melee: Dagger            |    23 |     3 ||    26
       Hand axe          |       |     9 ||     9
 Cast: Freeze            |    28 |     1 ||    29
       Frozen Ramparts   |     1 |     4 ||     5
       Ozocubu's Armour  |       |     1 ||     1
  Use: Potion            |     1 |       ||     1
 Stab: Sleeping          |     5 |       ||     5
Armor: Robe              |    11 |     2 ||    13
Dodge: Dodged            |    16 |     8 ||    24

Table legend: (Time is in decaauts)
 A = Elapsed time spent in this place.
 B = Non-inter-level travel time spent in this place.
 C = Inter-level travel time spent in this place.
 D = Time resting spent in this place.
 E = Time spent auto-exploring this place.
 F = Levels seen in this place.
 G = Mean time per level.
                   A        B        C        D        E       F      G
               +--------+--------+--------+--------+--------+-----+--------+
         Total |   2379 |   2312 |     67 |    355 |   1475 |   3 |  793.0 |
       Dungeon |   2379 |   2312 |     67 |    355 |   1475 |   3 |  793.0 |
               +--------+--------+--------+--------+--------+-----+--------+

Top non-repeatable levels by time:
     D:2: 1113 daAuts
     D:1: 936 daAuts
     D:3: 329 daAuts
